 Dungeon Crawl Stone Soup version 0.21.1-1-g345015fe64 (webtiles) character file.

1099 Lothor the Cleaver (level 8, -5/64 HPs)
             Began as a Minotaur Fighter on Mar 20, 2018.
             Was a Believer of Cheibriados.
             Slain by a troll (10 damage)
             ... on level 5 of the Dungeon.
             The game lasted 00:16:15 (4928 turns).

Lothor the Cleaver (Minotaur Fighter)               Turns: 4928, Time: 00:16:16

Health: -5/64      AC:  8    Str: 32    XL:     8   Next: 10%
Magic:  7/7        EV: 10    Int:  9    God:    Cheibriados [**....]
Gold:   296        SH: 10    Dex: 14    Spells: 7/7 levels left

rFire    . . .     SeeInvis +   a - +0 war axe
rCold    . . .     Gourm    .   c - +0 shield
rNeg     . . .     Faith    .   b - +0 scale mail
rPois    .         Spirit   .   (helmet restricted)
rElec    .         Reflect  .   (no cloak)
rCorr    .         Harm     .   (no gloves)
MR       .....                  n - +1 pair of boots
Stlth    ..........             (no amulet)
HPRegen  0.20/turn              y - ring of see invisible
MPRegen  0.10/turn              (no ring)

@: mighty, drained, very slow
A: retaliatory headbutt, horns 2
a: Bend Time, Renounce Religion


You were on level 5 of the Dungeon.
You worshipped Cheibriados.
Cheibriados was pleased with you.
You were not hungry.

You visited 1 branch of the dungeon, and saw 5 of its levels.

You collected 296 gold pieces.

Inventory:

Hand Weapons
 a - a +0 war axe (weapon)
 u - a cursed +2 battleaxe of freezing
 w - a +4 great sword
 x - a +4 scimitar
Missiles
 e - 8 javelins (quivered)
 p - 8 tomahawks
Armour
 b - a +0 scale mail (worn)
 c - a +0 shield (worn)
 n - a +1 pair of boots (worn)
Jewellery
 y - a ring of see invisible (left hand)
Scrolls
 g - a scroll of immolation {unknown}
 h - 5 scrolls of identify
 l - 2 scrolls of enchant weapon {unknown}
 m - 2 scrolls of fear {unknown}
 o - 3 scrolls of teleportation {unknown}
 q - 3 scrolls of remove curse {unknown}
 v - a scroll of magic mapping {unknown}
Potions
 i - a potion of brilliance {unknown}
 j - 2 potions of degeneration {unknown}
 k - 3 potions of agility {unknown}
 r - 2 potions of curing
 s - a potion of flight {unknown}
 t - a potion of heal wounds {unknown}
Comestibles
 f - 11 rations


   Skills:
 - Level 3.6(3.1) Fighting
 + Level 10.4(9.7) Axes
 - Level 3.6(3.1) Armour
 - Level 4.0(3.4) Dodging
 - Level 1.1(0.6) Stealth
 - Level 3.6(3.1) Shields
 - Level 0.4(0.0) Invocations


You had 7 spell levels left.
You didn't know any spells.

Dungeon Overview and Level Annotations

Branches:
Dungeon (5/15)             Temple (0/1) D:4

Altars:
Cheibriados
Elyvilon
Nemelex Xobeh
Ru
Zin
The Shining One

Shops:
D:4 }


Innate Abilities, Weirdness & Mutations

You reflexively headbutt those who attack you in melee.
You have a pair of horns on your head.


Message History

You closely miss the troll. Your headbutt misses the troll.
The troll is lightly wounded.
The troll bites you. The troll claws you but does no damage.
The troll barely misses you.
The crimson imp blinks!
The troll closely misses you. You block the troll's attack.
The troll claws you but does no damage.
An iguana and an adder come into view.
The iguana hisses angrily.
You slash the troll! Your headbutt misses the troll.
The troll is moderately wounded.
The troll bites you. You block the troll's attack. The troll claws you!
* * * LOW HITPOINT WARNING * * *
You feel very mighty all of a sudden. The troll bites you!
* * * LOW HITPOINT WARNING * * *
The troll claws you.
* * * LOW HITPOINT WARNING * * *
The troll closely misses you. You block the crimson imp's attack.
You fail to use your ability.
The troll bites you!
You die...

##### ###... .... #
########.## .#
########.........####.####
......##.#####..T.........
#####....)......@.:...#..#
####.###....5l..>....#
#............###.#.#
######.##.#....S..# ..
#......##.#[.......... ..
#.####### #>#.....#### #.#
#.####..# #.# #.# #..# #.#
#.# #....


You could see a troll, an iguana, a crimson imp and an adder.

Vanquished Creatures
  Pikel (D:4)
  Sigmund (D:3)
  A slave (D:4)
  A scorpion (D:4)
  The ghost of Lothor the Slasher, a weakling DsAK of Lugonu (D:3)
  2 wights (D:4)
  2 crimson imps (D:5)
  Natasha (thrice) (D:3)
  A worker ant (D:4)
  A hound skeleton (D:4)
  6 adders
  A worm (D:3)
  2 dart slugs (D:1)
  2 leopard geckos
  5 orcs
  2 giant cockroaches
  7 goblins
  8 hobgoblins
  8 jackals
  6 kobolds
  A ball python (D:3)
  11 bats
  7 frilled lizards
  7 rats
  A fungus (D:1)
88 creatures vanquished.

Vanquished Creatures (others)
  2 slaves (D:4)
  A wight (D:4)
  A worker ant (D:4)
4 creatures vanquished.

Grand Total: 92 creatures vanquished

Notes
Turn   | Place    | Note
-------+----------+-------------------------------------------
     0 | D:1      | Lothor the Minotaur Fighter began the quest for the Orb.
     0 | D:1      | Reached XP level 1. HP: 19/19 MP: 0/0
    29 | D:1      | Reached skill level 3 in Axes
   120 | D:1      | Reached XP level 2. HP: 26/26 MP: 1/1
   537 | D:1      | Reached skill level 4 in Axes
   572 | D:1      | Reached XP level 3. HP: 22/31 MP: 2/2
  1688 | D:2      | Found a sacrificial altar of Ru.
  1771 | D:2      | Found a white marble altar of Elyvilon.
  1771 | D:2      | Found a snail-covered altar of Cheibriados.
  1804 | D:2      | Became a worshipper of Cheibriados the Contemplative
  1843 | D:2      | Found a glowing silver altar of Zin.
  1843 | D:2      | Found a sparkling altar of Nemelex Xobeh.
  1998 | D:2      | Reached skill level 1 in Dodging
  2351 | D:3      | Reached skill level 5 in Axes
  2351 | D:3      | Reached XP level 4. HP: 39/39 MP: 3/3
  2360 | D:3      | Noticed Lothor's ghost (weakling DsAK)
  2371 | D:3      | Killed Lothor's ghost
  2567 | D:3      | Reached * piety under Cheibriados
  2573 | D:3      | Reached XP level 5. HP: 38/45 MP: 4/4
  2790 | D:3      | Noticed Natasha
  2796 | D:3      | Killed Natasha
  2796 | D:3      | Reached skill level 6 in Axes
  2806 | D:3      | Noticed Sigmund
  3069 | D:3      | Killed Sigmund
  3069 | D:3      | Reached skill level 7 in Axes
  3069 | D:3      | Reached XP level 6. HP: 34/51 MP: 5/5
  3273 | D:3      | Noticed Natasha
  3278 | D:3      | Killed Natasha
  3348 | D:3      | Noticed Natasha
  3360 | D:3      | Killed Natasha
  4192 | D:4      | Found Watalel's Gadget Boutique.
  4195 | D:4      | Noticed a slave
  4196 | D:4      | Noticed a slave
  4198 | D:4      | Noticed Pikel
  4203 | D:4      | Noticed a slave
  4206 | D:4      | Noticed a slave
  4207 | D:4      | Killed a slave
  4209 | D:4      | Killed Pikel
  4209 | D:4      | Reached skill level 9 in Axes
  4209 | D:4      | Reached skill level 1 in Stealth
  4209 | D:4      | Reached XP level 7. HP: 53/57 MP: 6/6
  4225 | D:4      | Found a staircase to the Ecumenical Temple.
  4405 | D:4      | Reached ** piety under Cheibriados
  4405 | D:4      | Reached skill level 10 in Axes
  4410 | D:4      | Reached XP level 8. HP: 12/64 MP: 7/7
  4690 | D:4      | Found a glowing golden altar of the Shining One.
  4823 | D:5      | Entered Level 5 of the Dungeon
  4919 | D:5      | Noticed a troll
  4928 | D:5      | Slain by a troll

Skill      XL: |  1  2  3  4  5  6  7 |
---------------+----------------------+-----
Axes           | 3 4 5 7 9 10 | 10.4
Dodging        | 1 2 4 |  4.0
Stealth        | 1 |  1.1
Fighting       | |  3.6
Armour         | |  3.6
Shields        | |  3.6
Invocations    | |  0.4

Action                   |  1- 3 |  4- 6 |  7- 9 || total
-------------------------+-------+-------+-------++-------
Melee: War axe           |    98 |   105 |    40 ||   243
       Headbutt          |    13 |    20 |     7 ||    40
Invok: Bend Time         |       |     1 |       ||     1
  Use: Scroll            |     1 |       |     1 ||     2
       Potion            |       |       |     1 ||     1
  Eat: Chunk             |     4 |     2 |       ||     6
       Ration            |       |     1 |       ||     1
Armor: Scale mail        |    48 |    46 |    11 ||   105
Dodge: Dodged            |    34 |    36 |    11 ||    81
Block: Shield            |    47 |    64 |    18 ||   129
